 Dungeon Crawl Stone Soup version 0.27.1-1-g398f81649c (webtiles) character file.

Game seed: 2661780808072708349

732 ZARRMARR the Sneak (level 7, -2/48 HPs)
             Began as an Octopode Brigand on Sept 9, 2021.
             Slain by Pikel (11 damage)
             ... on level 6 of the Dungeon.
             The game lasted 00:13:21 (4084 turns).

ZARRMARR the Sneak (Octopode Brigand)               Turns: 4084, Time: 00:13:22

Health: -2/48      AC:  1    Str: 10    XL:     7   Next: 73%
Magic:  7/7        EV: 14    Int: 16    God:
Gold:   186        SH:  5    Dex: 13    Spells: 6/6 levels left

rFire    . . .     SeeInvis .   d - +3 dagger
rCold    . . .     Faith    .   (no shield)
rNeg     . . .     Spirit   .   (helmet restricted)
rPois    .         Reflect  +   c - amulet of reflection
rElec    .         Harm     .   (no ring)
rCorr    .         Rampage  .   (no ring)
Will     .....                  (no ring)
Stlth    +++++.....             (no ring)
HPRegen  0.16/turn              (no ring)
MPRegen  0.10/turn              (no ring)
                                (no ring)
                                (no ring)

@: attractive, flying, hasted, very quick
A: almost no armour, amphibious, 8 rings, camouflage 1, gelatinous body 1,
(nimble swimmer 1), tentacles
a: no special abilities


You were on level 6 of the Dungeon.
You visited 1 branch of the dungeon, and saw 6 of its levels.

You collected 186 gold pieces.

Inventory:

Hand Weapons
 a - a +2 dagger
 d - a +3 dagger (weapon)
Missiles
 b - 11 poisoned darts (quivered)
 n - 4 curare-tipped darts
Jewellery
 c - an amulet of reflection (around mantle)
Wands
 o - a wand of flame (5)
Scrolls
 f - a scroll of teleportation {unknown}
 g - 2 scrolls of vulnerability {unknown}
Potions
 e - a potion of magic {unknown}
 h - a potion of lignification {unknown}
 i - a potion of flight
 j - a potion of curing


   Skills:
 + Level 4.1 Fighting
 * Level 5.5 Short Blades
 - Level 2.0 Throwing
 + Level 3.6 Dodging
 + Level 7.4 Stealth


You had 6 spell levels left.
You didn't know any spells.
Your spell library contained the following spells:

 Spells                   Type           Power      Damage    Failure   Level
 Slow                     Hex            0%         N/A       36%         2
 Confusing Touch          Hex            0%         N/A       58%         3
 Yara's Violent Unravell  Hex/Tmut       0%         3d3       100%        5
 Conjure Ball Lightning   Conj/Air       0%         3x3d6     100%        6
 Discord                  Hex            0%         N/A       100%        8
 Disjunction              Tloc           0%         N/A       100%        8


Dungeon Overview and Level Annotations

Branches:
Dungeon (6/15)
 Temple: D:4-7

Altars:
Okawaru
Sif Muna
Wu Jian

Annotations:
D:4 Grinder
D:6 Pikel


Innate Abilities, Weirdness & Mutations

You cannot wear most types of armour.
You are amphibious.
You can wear up to eight rings at the same time.
Your skin changes colour to match your surroundings (Stealth+).
Your rubbery body absorbs attacks. (AC +1, EV +1)
((You are camouflaged near water. (Stealth+)))
You have tentacles for arms and can constrict up to eight enemies at once.


Message History

* * * LOW HITPOINT WARNING * * *
You hit the lemure.
The lemure is severely wounded.
You constrict the lemure.
A lemure comes into view.
You release your grip on the lemure.
Pikel checks his coin pouch and frowns.
The lemure looks more healthy.
You hear the slow rusting of a very distant drain.
There is a stone staircase leading up here.
You hit the lemure.
You kill the lemure!
That felt strangely unrewarding.
You climb upwards.
There is a stone staircase leading down here.
There is an open door here.
There is a stone staircase leading down here.
You climb downwards.
You hear the sound of rushing water.
There is an entrance to a sewer on this level.
Hurry and find it before the portal rusts away!
Level annotation: Pikel Pikel misses you.
Pikel hits you with a +2 whip of freezing.
* * * LOW HITPOINT WARNING * * *
Pikel freezes you.
* * * LOW HITPOINT WARNING * * *
There is a stone staircase leading up here.
It was a potion of flight.
You feel very buoyant.
You fly up into the air.
Pikel hits you with a +2 whip of freezing.
* * * LOW HITPOINT WARNING * * *
Pikel freezes you.
* * * LOW HITPOINT WARNING * * *
It was a potion of attraction.
You feel attractive to monsters. Pikel closely misses you.
The scorpion is pulled toward you!
It was a potion of haste.
You feel yourself speed up.
Pikel hits you with a +2 whip of freezing!
You die...

,,,,,,,* #..........##...#
,,,,,,<*** #.......[.!#..###
,,,,,,,,,* #............##
,,,,,,,*,***##* #....>.....### **
,,,,,,,,,,,...####.###.K.#.###**,
*********,,........K............,
***####.##.####...###...* #..#.#
*#.##......# *#@#<#**...,.###,.#
#.K.#*....### **,. ** ##...?..#.#
**, ,**** ****#........#* *,
,,,,*********,,,..s#####..******,
***,,,,,,,*,,,,..#..,,,,,,,,,,,*,
****,,,,,,,,,......,,,,,****,,,
*,,,,,**,###.....,,,,* ****
*,,,,,,,,* *,,,,,,,,,*


You could see Pikel and a scorpion (asleep).

Vanquished Creatures
  A black bear (D:5)
  A sky beast (D:5)
  3 lemures (D:6)
  A phantom (D:5)
  Blork the orc (D:5)
  2 scorpions
  A wyvern zombie (D:6)
  2 hounds (D:5)
  An orc priest (D:5)
  An orc wizard (D:5)
  3 adders
  3 worms
  5 dart slugs
  4 orcs (D:5)
  7 endoplasms
  3 giant cockroaches
  6 goblins
  6 hobgoblins
  5 kobolds
  3 quokkas (D:2)
  6 ball pythons
  4 bats
  4 frilled lizards
  5 rats
78 creatures vanquished.

Notes
Turn   | Place    | Note
-------+----------+-------------------------------------------
     0 | D:1      | ZARRMARR the Octopode Brigand began the quest for the Orb.
     0 | D:1      | Reached XP level 1. HP: 14/14 MP: 1/1
   186 | D:1      | Reached XP level 2. HP: 19/19 MP: 2/2
   408 | D:1      | Found a faded altar of an unknown god.
   727 | D:2      | Found an ornate altar of the Wu Jian Council.
   732 | D:2      | Reached XP level 3. HP: 24/24 MP: 3/3
   887 | D:2      | Noticed a scorpion
   896 | D:2      | Killed a scorpion
   897 | D:2      | Reached skill level 6 in Stealth
   897 | D:2      | Reached XP level 4. HP: 26/30 MP: 4/4
  1323 | D:2      | Reached XP level 5. HP: 35/36 MP: 5/5
  2352 | D:4      | Noticed Grinder
  2399 | D:5      | Entered Level 5 of the Dungeon
  2441 | D:5      | Noticed a phantom
  2454 | D:5      | Killed a phantom
  2455 | D:5      | Reached XP level 6. HP: 25/42 MP: 6/6
  2608 | D:5      | Found an iron altar of Okawaru.
  2739 | D:5      | Noticed Blork the orc
  2742 | D:5      | Killed Blork the orc
  2757 | D:5      | Noticed a black bear
  2762 | D:5      | Killed a black bear
  2790 | D:5      | Reached XP level 7. HP: 46/46 MP: 7/7
  2825 | D:5      | Reached skill level 7 in Stealth
  2945 | D:5      | Reached skill level 5 in Short Blades
  3402 | D:5      | Found a shimmering blue altar of Sif Muna.
  4040 | D:6      | Noticed Pikel
  4084 | D:6      | Slain by Pikel

Illustrated notes

Levels and vault maps discovered:
D:1:      roderic_dead_forest, layout_basic, hellmonk_ecumenical_altar_zigzags
D:2:      layout_rooms, basic_altar
D:3:      layout_rooms
D:4:      layout_rooms, lemuel_doored_altar,
          beargit_hepliaklqana_dungeon_heroes, nicolae_ru_sacrificial_ziggurat,
          lightli_corner_chamber, uniq_grinder
D:5:      layout_basic, kennysheep_okawaru_gauntlet, kennysheep_orc_sif_temple,
          uniq_blork_the_orc
D:6:      layout_rooms, mainiacjoe_overflow_catwalk, portal_sewer_entry_b,
          uniq_duvessa, uniq_pikel, uniq_crazy_yiuf_cottage

Skill      XL: |  1  2  3  4  5  6  7 |
---------------+----------------------+-----
Short Blades   | 3 4 5 |  5.5
Dodging        | 2 3 |  3.6
Stealth        | 6 7 |  7.4
Fighting       | 3 4 |  4.1
Throwing       | |  2.0

Action                   |  1- 3 |  4- 6 |  7- 9 || total
-------------------------+-------+-------+-------++-------
Melee: Dagger            |    28 |    83 |    59 ||   170
       Constrict         |     5 |    13 |     8 ||    26
       Tentacles         |     1 |    10 |     8 ||    19
Throw: Dart              |     7 |    15 |    10 ||    32
Evoke: Wand              |       |     4 |     8 ||    12
  Use: Potion            |       |     3 |     3 ||     6
       Scroll            |       |     1 |     1 ||     2
 Stab: Sleeping          |    10 |    14 |     3 ||    27
Armor: Skin              |     2 |     3 |     2 ||     7
Dodge: Dodged            |     8 |    17 |    20 ||    45
Block: Other             |       |     2 |     9 ||    11
